 Dungeon Crawl Stone Soup version 0.29.0-13-gc9e81de378 (webtiles) character file.

Game seed: 4071671756036502901

14 ghwc the Caller (level 2, 24/24 HPs)
             Began as a Troll Summoner on Sept 9, 2022.
             Was a Follower of Sif Muna.
             Quit the game on level 1 of the Dungeon.
             The game lasted 00:00:40 (352 turns).

ghwc the Caller (Troll Summoner)                     Turns: 352, Time: 00:00:41

Health: 24/24      AC:  4    Str: 15    XL:     2   Next: 27%
Magic:  2/2        EV:  9    Int: 11    God:    Sif Muna [*.....]
Gold:   22         SH:  0    Dex: 10    Spells: 2/3 levels left

rFire   . . .      SeeInvis .     - Unarmed
rCold   . . .      Faith    .   (no shield)
rNeg    . . .      Spirit   .   a - +0 robe
rPois   .          Reflect  .   (helmet restricted)
rElec   .          Harm     .   (no cloak)
rCorr   .          Rampage  .   (gloves unavailable)
Will    .....                   (boots unavailable)
Stlth   +.........              (no amulet)
HPRegen 0.88/turn               (no ring)
MPRegen 0.08/turn               (no ring)

@: no status effects
A: large, unfitting armour, claws 3, regeneration 1, shaggy fur 1, tough skin 1
a: Renounce Religion, Channel Magic


You were on level 1 of the Dungeon.
You worshipped Sif Muna.
Sif Muna was aware of your devotion.
You visited 1 branch of the dungeon, and saw 1 of its levels.

You collected 22 gold pieces.

Inventory:

Missiles
 e - 4 poisoned darts
Armour
 a - a +0 robe (worn)
Jewellery
 c - a ring of protection from fire
Scrolls
 d - 2 scrolls of teleportation {unknown}
 f - a scroll of identify {unknown}
Potions
 b - a potion of magic
 g - a potion of berserk rage {unknown}


   Skills:
 - Level 1.5 Dodging
 - Level 1.0 Stealth
 + Level 2.0 Unarmed Combat
 - Level 1.2 Spellcasting
 - Level 2.9 Summonings


You had 2 spell levels left.
You knew the following spells:

 Your Spells              Type           Power      Damage    Failure   Level
a - Summon Small Mammal   Summ           28%        N/A       10%         1

Your spell library contained the following spells:

 Spells                   Type           Power      Damage    Failure   Level
 Call Imp                 Summ           7%         N/A       14%         2
 Call Canine Familiar     Summ           7%         N/A       28%         3
 Summon Guardian Golem    Hex/Summ       3%         N/A       45%         3
 Summon Lightning Spire   Summ/Air       3%         N/A       86%         4


Dungeon Overview and Level Annotations

Branches:
Dungeon (1/15)

Altars:
Sif Muna


Innate Abilities, Weirdness & Mutations

You are too large for most types of armour.
You have claws for hands.
Your natural rate of healing is unusually fast.
You are covered in fur. (AC +1)
You have tough skin. (AC +1)


Message History

Sif Muna accepts your kill. The dart slug launches a dart at you.
The slug dart hits you.
You have reached level 2!
You scratch the dart slug.
The dart slug is heavily wounded.
The dart slug closely misses you.
You claw the dart slug!
You kill the dart slug!
Sif Muna accepts your kill.
No target in view!
No target in view!
No target in view!
No target in view!
No target in view!
No target in view!
No target in view!
No target in view!
No target in view!
No target in view!
d - 2 scrolls labelled AZOIFETEWA (gained 1)
A dart slug comes into view.
A dart slug is nearby!
A dart slug is nearby!
A dart slug is nearby!
The dart slug closely misses you.
You scratch the dart slug.
The dart slug is heavily wounded.
You scratch the dart slug.
You kill the dart slug!
Sif Muna accepts your kill.
Your Unarmed Combat skill increases to level 2!
No target in view!
No target in view!
No target in view!
No target in view!
No target in view!
No target in view!
No target in view!
Are you sure you want to abandon this character and quit the game? (Confirm with "yes".)

....## #. #.#
....# . #.# ##...#
# #.# ##....## #.#
#...<..# # #.#
#.#....# # #.#
###....## # #†#
#.##....## # #@#
#..#.....# # #.#
#...#....# # #.#
##.......##
#.######........#
#....##.........##
####..#..........#
##.##.........#
#..###.......#
##...####.....


There were no monsters in sight!

Vanquished Creatures
  2 dart slugs (D:1)
  An endoplasm (D:1)
  A goblin (D:1)
  2 ball pythons (D:1)
  2 bats (D:1)
  3 rats (D:1)
11 creatures vanquished.

Notes
Turn   | Place    | Note
-------+----------+-------------------------------------------
     0 | D:1      | ghwc the Troll Summoner began the quest for the Orb.
     0 | D:1      | Reached XP level 1. HP: 16/16 MP: 1/1
   186 | D:1      | Reached skill level 1 in Unarmed Combat
   259 | D:1      | Found a faded altar of an unknown god.
   274 | D:1      | Prayed at the altar of an unknown god.
   274 | D:1      | Became a worshipper of Sif Muna the Loreminder
   274 | D:1      | Reached * piety under Sif Muna
   302 | D:1      | Reached XP level 2. HP: 15/24 MP: 2/2
   352 | D:1      | Quit the game

Illustrated notes

Levels and vault maps discovered:
D:1:      dpeg_arrival_arbitrary_a, layout_basic,
          shapermc_ecumenical_altar_pompeii

Skill      XL: |  1  2 |
---------------+-------+-----
Unarmed Combat | 1 2 |  2.0
Dodging        | |  1.5
Stealth        | |  1.0
Spellcasting   | |  1.2
Summonings     | |  2.9

Action                   || total
-------------------------++-------
Melee: Unarmed           ||    41
Armor: Robe              ||    16
Dodge: Dodged            ||    26
